 Dungeon Crawl Stone Soup version 0.20.1-1-g8b1a95d (webtiles) character file.

532 Knicklaso the Slicer (level 7, -4/45 HPs)
             Began as a Halfling Berserker on July 16, 2017.
             Was a Priest of Trog.
             Slain by a gnoll
             ... wielding a +0 whip
              (7 damage)
             ... on level 4 of the Dungeon.
             The game lasted 00:08:00 (3245 turns).

Knicklaso the Slicer (Halfling Berserker)           Turns: 3245, Time: 00:08:01

Health: -4/45      AC:  2    Str: 19    XL:     7   Next: 49%
Magic:  7/7        EV: 15    Int:  5    God:    Trog [***...]
Gold:   191        SH:  0    Dex: 15    Spells: 6/6 levels left

rFire    . . .     SeeInvis .   f - +0 dagger (flame)
rCold    . . .     Gourm    .   (shield restricted)
rNeg     . . .     Faith    .   b - +0 animal skin
rPois    .         Spirit   .   (no helmet)
rElec    .         Reflect  .   (no cloak)
rCorr    .         Harm     .   (no gloves)
MR       .....                  (no boots)
Stlth    +++.......             (no amulet)
Regen    0.2/turn               (no ring)
MPRegen  0.1/turn               (no ring)

@: lethally poisoned (-4 -> -5), berserk cooldown, slowed, very slow
A: mutation resistance 1
a: Berserk, Trog's Hand, Burn Spellbooks, Renounce Religion


You were on level 4 of the Dungeon.
You worshipped Trog.
Trog was most pleased with you.
You were near starving.

You visited 1 branch of the dungeon, and saw 4 of its levels.

You collected 191 gold pieces.

Inventory:

Hand Weapons
 a - a +0 short sword
 f - a +0 dagger of flaming (weapon)
Armour
 b - a +0 animal skin (worn)
Scrolls
 d - a scroll of magic mapping {unknown}
 e - a scroll of enchant weapon {unknown}
 h - a scroll of blinking {unknown}
 i - a scroll of immolation {unknown}
 j - 6 scrolls of identify {unknown}
 k - a scroll of fog {unknown}
 l - 3 scrolls of random uselessness {unknown}
 p - 2 scrolls of teleportation {unknown}
Potions
 g - a potion of haste {unknown}
 m - a potion of flight {unknown}
 n - a potion of heal wounds
 q - a potion of curing {unknown}
Comestibles
 c - 3 bread rations
 o - a royal jelly
 r - a chunk of flesh


   Skills:
 - Level 2.6 Fighting
 + Level 8.3 Short Blades
 - Level 2.1 Armour
 - Level 2.1 Dodging
 * Level 4.7 Stealth


You had 6 spell levels left.
You didn't know any spells.

Dungeon Overview and Level Annotations

Branches:
Dungeon (4/15)
 Temple: D:4-7

Altars:
Trog


Innate Abilities, Weirdness & Mutations

You are small and have problems with some larger weapons.
You are somewhat resistant to further mutation.


Message History

The gnoll is severely wounded.
The gnoll hits you from afar with a spear.
* * * LOW HITPOINT WARNING * * *
The gnoll closely misses you.
You hit the gnoll. You burn the gnoll.
The gnoll is severely wounded.
The gnoll barely misses you.
You hit the gnoll but do no damage.
The gnoll is severely wounded.
The gnoll hits you with a whip.
* * * LOW HITPOINT WARNING * * *
The gnoll hits you from afar with a spear.
* * * LOW HITPOINT WARNING * * *
You barely miss the gnoll.
The gnoll is severely wounded.
The gnoll barely misses you. The gnoll closely misses you.
You barely miss the gnoll.
The gnoll is severely wounded.
You feel sick. The gnoll hits you with a whip!
You die...

..# #.# #..# #.# ####..# #.#
..#..# #.# #.#.g# #.#
.#####.#..# .#####.##
..........# ........#
.........#########..########
..####.#ggg@.............[..
)e.#.###################
#####.# #.# ..# ###


You could see 3 gnolls.

Vanquished Creatures
  Duvessa (D:4)
  The ghost of Glitchraptor the Covered, an amateur MiFi (D:3)
  Dowan (D:4)
  A howler monkey (D:4)
  A bullfrog skeleton (D:3)
  2 hounds (D:4)
  A worker ant (D:4)
  3 adders (D:2)
  A gnoll (D:4)
  An ooze (D:2)
  4 worms
  2 leopard geckos
  A ball python (D:3)
  9 bats
  5 giant cockroaches
  11 goblins
  7 hobgoblins
  9 jackals (D:2)
  4 kobolds
  4 frilled lizards
  A quokka skeleton (D:2)
  5 rats
75 creatures vanquished.

Notes
Turn   | Place    | Note
-------+----------+-------------------------------------------
     0 | D:1      | Knicklaso the Halfling Berserker began the quest for the Orb.
     0 | D:1      | Reached XP level 1. HP: 15/15 MP: 1/1
   121 | D:1      | Reached skill level 4 in Short Blades
   121 | D:1      | Reached skill level 1 in Stealth
   121 | D:1      | Reached XP level 2. HP: 14/20 MP: 2/2
   608 | D:1      | Reached XP level 3. HP: 20/25 MP: 3/3
   872 | D:2      | Reached ** piety under Trog
  1111 | D:2      | Reached skill level 5 in Short Blades
  1344 | D:2      | Reached XP level 4. HP: 21/30 MP: 4/4
  2003 | D:2      | Reached XP level 5. HP: 27/35 MP: 5/5
  2258 | D:3      | Noticed Glitchraptor's ghost (amateur MiFi)
  2276 | D:3      | Killed Glitchraptor's ghost
  2276 | D:3      | Reached skill level 6 in Short Blades
  2340 | D:3      | Found a bloodstained altar of Trog.
  2367 | D:3      | Reached XP level 6. HP: 41/41 MP: 6/6
  2766 | D:3      | Reached skill level 7 in Short Blades
  3096 | D:4      | Reached *** piety under Trog
  3176 | D:4      | Noticed Duvessa
  3184 | D:4      | Noticed Dowan
  3200 | D:4      | Killed Duvessa
  3200 | D:4      | Reached XP level 7. HP: 45/45 MP: 7/7
  3211 | D:4      | Killed Dowan
  3211 | D:4      | Reached skill level 8 in Short Blades
  3245 | D:4      | Slain by a gnoll

Skill      XL: |  1  2  3  4  5  6  7 |
---------------+----------------------+-----
Short Blades   | 4 5 6 7 8 |  8.3
Stealth        | 1 2 4 |  4.7
Fighting       | |  2.6
Armour         | |  2.1
Dodging        | |  2.1

Action                   |  1- 3 |  4- 6 |  7- 9 || total
-------------------------+-------+-------+-------++-------
Melee: Short sword       |    14 |       |       ||    14
       Dagger            |   100 |   199 |    38 ||   337
Invok: Berserk           |     1 |     6 |       ||     7
       Trog's Hand       |       |     1 |       ||     1
  Use: Potion            |       |       |     1 ||     1
 Stab: Sleeping          |     1 |     2 |       ||     3
  Eat: Chunk             |     2 |    11 |       ||    13
Armor: Animal skin       |    10 |    20 |     4 ||    34
Dodge: Dodged            |    73 |   140 |    34 ||   247
